 Dungeon Crawl Stone Soup version 0.21.1-1-g345015fe64 (webtiles) character file.

17572 Loge the Destroyer (level 12, -6/73 HPs)
             Began as a Deep Elf Fire Elementalist on July 16, 2018.
             Was a Believer of Vehumet.
             Mangled by a black mamba (10 damage)
             ... on level 3 of the Lair of Beasts.
             The game lasted 01:46:03 (20048 turns).

Loge the Destroyer (Deep Elf Fire Elementalist)    Turns: 20048, Time: 01:46:04

Health: -6/73      AC:  8    Str:  5    XL:     12   Next: 20%
Magic:  23/28      EV: 14    Int: 26    God:    Vehumet [**....]
Gold:   824        SH:  3    Dex: 15    Spells: 12/32 levels left

rFire    . . .     SeeInvis +   m - +3 short sword (freeze)
rCold    . . .     Gourm    .   D - +0 buckler
rNeg     . . .     Faith    .   I - +0 troll leather armour
rPois    .         Spirit   .   O - +0 hat
rElec    .         Reflect  .   u - +2 cloak
rCorr    .         Harm     .   (no gloves)
MR       +....                  Q - +0 pair of boots
Stlth    ++........             (no amulet)
HPRegen  0.62/turn              n - ring of flight
MPRegen  0.21/turn              B - ring of see invisible

@: lethally poisoned (-6 -> -17)
A: no striking features
a: Renounce Religion, Evoke Flight


You were on level 3 of the Lair of Beasts.
You worshipped Vehumet.
Vehumet was pleased with you.
You were hungry.

You visited 3 branches of the dungeon, and saw 13 of its levels.
You also visited: Sewer.

You collected 824 gold pieces.

Inventory:

Hand Weapons
 a - a +0 blowgun
 m - a +3 short sword of freezing (weapon)
 q - a +4 scimitar of flaming
 J - a +2 whip of flaming
Missiles
 d - 20 poisoned needles
 C - 7 tomahawks of returning (quivered)
Armour
 u - a +2 cloak (worn)
 D - a +0 buckler (worn)
 I - a +0 troll leather armour (worn)
 O - a +0 hat (worn)
 Q - a +0 pair of boots (worn)
Jewellery
 n - a ring of flight (left hand)
 B - a ring of see invisible (right hand)
Wands
 k - a wand of flame (44)
 x - a wand of random effects (31)
 K - a wand of paralysis (11)
 L - a wand of disintegration (10)
Scrolls
 e - 7 scrolls of enchant weapon
 i - 2 scrolls of teleportation
 j - 2 scrolls of magic mapping
 s - 3 scrolls of amnesia
 t - 4 scrolls of enchant armour
 w - 4 scrolls of fear
 y - 2 scrolls of fog
 F - a scroll of silence {unknown}
 G - 3 scrolls of remove curse
 P - a scroll of identify
Potions
 h - 4 potions of mutation
 l - 3 potions of heal wounds
 o - 6 potions of curing
 p - a potion of cancellation
 r - a potion of resistance
 v - 4 potions of invisibility
 z - a potion of flight
 A - 2 potions of magic
 E - a potion of lignification
 H - 3 potions of ambrosia
 N - 3 potions of might
Books
 b - a book of Air

   Spells                             Type                      Level
   a - Shock                          Conjuration/Air              1
   b - Swiftness                      Charms/Air                   2
   c - Static Discharge               Conjuration/Air              3
   d - Airstrike                      Air                          4
   e - Lightning Bolt                 Conjuration/Air              5
 f - a book of Flames

   Spells                             Type                      Level
   a - Flame Tongue                   Conjuration/Fire             1
   b - Throw Flame                    Conjuration/Fire             2
   c - Conjure Flame                  Conjuration/Fire             3
   d - Inner Flame                    Hexes/Fire                   3
   e - Sticky Flame                   Conjuration/Fire             4
   f - Fireball                       Conjuration/Fire             5
 g - a book of Debilitation

   Spells                             Type                      Level
   a - Corona                         Hexes                        1
   b - Slow                           Hexes                        2
   c - Inner Flame                    Hexes/Fire                   3
   d - Portal Projectile              Hexes/Translocation          3
   e - Cause Fear                     Hexes                        4
   f - Leda's Liquefaction            Hexes/Earth                  4
Miscellaneous
 M - a phantom mirror
Comestibles
 c - 20 rations


   Skills:
 + Level 7.8 Fighting
 - Level 2.3 Armour
 - Level 6.1 Dodging
 - Level 2.4 Stealth
 * Level 0.3 Shields
 + Level 10.5 Spellcasting
 + Level 12.9 Conjurations
 - Level 10.0 Fire Magic
 - Level 3.0 Air Magic


You had 12 spell levels left.
You knew the following spells:

 Your Spells              Type           Power        Failure   Level  Hunger
a - Flame Tongue          Conj/Fire      #####        1%          1    None
b - Throw Flame           Conj/Fire      ######       1%          2    None
c - Conjure Flame         Conj/Fire      ######..     1%          3    None
d - Sticky Flame          Conj/Fire      ######..     1%          4    None
e - Lightning Bolt        Conj/Air       ######....   12%         5    ####...
g - Fireball              Conj/Fire      ######....   2%          5    ####...


Dungeon Overview and Level Annotations

Branches:
Dungeon (9/15)             Temple (1/1) D:7            Lair (3/6) D:9
  Swamp (0/4) Lair:3
  Snake: Lair:2-4    Spider: Lair:2-4       Orc: D:9-12

Altars:
Ashenzari
Cheibriados
Dithmenos
Elyvilon
Fedhas
Gozag
Hepliaklqana
Kikubaaqudgha
Makhleb
Nemelex Xobeh
Okawaru
Qazlal
Ru
Sif Muna
Trog
Uskayaw
Vehumet
Wu Jian
Xom
Yredelemnul
Zin
The Shining One

Shops:
D:4 *

Annotations:
D:4 exclusion: downstairs
D:8 exclusion: downstairs
Lair:1 exclusion: oklob plant


Message History

Casting: Flame Tongue
Confirm with . or Enter, or press ? or * to list all spells.
Aiming: Flame Tongue
Press: ? - help, Shift-Dir - straight line, f/p - black mamba
Aim: a black mamba (severely wounded)
The flame tongue hits the black mamba.
The black mamba is severely wounded.
The black mamba misses you. The black mamba bites you!
* * * LOW HITPOINT WARNING * * *
You are lethally poisoned!
The black mamba poisons you!
Casting: Flame Tongue
Confirm with . or Enter, or press ? or * to list all spells.
Aiming: Flame Tongue
Press: ? - help, Shift-Dir - straight line, f/p - black mamba
Aim: a black mamba (severely wounded)
The flame tongue misses the black mamba.
* * * LOW HITPOINT WARNING * * *
You feel sick. The black mamba barely misses you. The black mamba bites you!
You die...

#.....#...##......#...#...
#....###.P.#.....##..#.#..
#.....##..[......###..#...
##........................
#P........................
##.............>..........
#P........................
##........<...............
#......#@##..............
#....#..S#......≈≈≈...#..
#...##.....♣≈≈≈.≈......#.
#...#......≈≈≈..≈≈....
#....##..l..≈≈..≈.≈≈.
##...##.....≈..≈.≈.≈≈
#...###......≈..≈≈.≈
#....#.#..≈≈≈.≈≈..≈
#.........≈.≈≈.≈.


You could see a komodo dragon and a black mamba.

Vanquished Creatures
  Gastronok (Lair:2)
  A hydra (Lair:2)
  Erica (Lair:2)
  Pikel (D:9)
  A deep elf mage (D:9)
  The ghost of dingdong the Cleaver, a novice HOMo of Beogh (D:5)
  An elephant (D:9)
  2 black mambas (Lair:1)
  5 komodo dragons
  4 spiny frogs
  A troll (D:9)
  4 hippogriffs
  5 blink frogs (Lair:2)
  3 hogs (D:7)
  11 yaks
  3 wyverns
  A human (D:7)
  2 basilisks
  Edmund (D:4)
  The ghost of NullDivider the Sneak, an amateur OpAr (D:3)
  7 water moccasins
  4 porcupines
  2 orc warriors (D:9)
  2 sky beasts
  2 black bears
  2 ice beasts
  An eye of draining (D:9)
  A necrophage (D:8)
  2 ogres
  A centaur (D:7)
  6 crocodiles
  9 bullfrogs
  3 scorpions
  6 killer bees
  3 wights (D:6)
  4 bullfrog zombies
  6 crimson imps
  A quasit (D:9)
  2 orc priests
  2 centaur skeletons
  A centaur zombie (D:5)
  Crazy Yiuf (D:3)
  4 hounds
  A jelly (D:9)
  3 iguanas
  An orc wizard (D:9)
  6 worker ants
  A killer bee zombie (D:5)
  2 hound zombies
  A hound skeleton (D:7)
  3 worker ant zombies
  A gnoll (D:6)
  A howler monkey skeleton (D:4)
  17 adders
  A shadow imp (D:5)
  2 adder skeletons
  2 adder zombies
  4 dart slugs (D:1)
  A worm (D:6)
  2 leopard geckos
  18 orcs
  4 bats
  5 giant cockroaches
  4 goblins
  7 hobgoblins
  28 jackals
  14 kobolds
  2 quokkas
  3 ball pythons
  6 frilled lizards
  A giant cockroach zombie (D:5)
  A jackal skeleton (D:5)
  A jackal zombie (D:5)
  A leopard gecko zombie (D:5)
  A quokka skeleton (D:5)
  A quokka zombie (D:5)
  7 rats
275 creatures vanquished.

Vanquished Creatures (others)
  A hippogriff (D:9)
  4 slaves (D:9)
  A crocodile (Lair:3)
  A killer bee (D:9)
  An adder (D:9)
  7 fungi
  A plant (Lair:2)
16 creatures vanquished.

Grand Total: 291 creatures vanquished

Notes
Turn   | Place    | Note
-------+----------+-------------------------------------------
     0 | D:1      | Loge the Deep Elf Fire Elementalist began the quest for the Orb.
     0 | D:1      | Reached XP level 1. HP: 10/10 MP: 6/6
   196 | D:1      | Reached XP level 2. HP: 15/15 MP: 5/8
   202 | D:1      | Learned a level 2 spell: Throw Flame
   946 | D:1      | Reached XP level 3. HP: 19/19 MP: 3/10
  1216 | D:1      | Learned a level 3 spell: Conjure Flame
  1440 | D:1      | Reached skill level 2 in Conjurations
  2050 | D:2      | Reached XP level 4. HP: 24/24 MP: 8/11
  2088 | D:2      | Learned a level 4 spell: Sticky Flame
  2310 | D:2      | Found a bloodstained altar of Trog.
  2332 | D:2      | Found a shattered altar of Ashenzari.
  3113 | D:3      | Found a burning altar of Makhleb.
  3120 | D:3      | Reached skill level 3 in Conjurations
  3415 | D:3      | Found a runed door.
  3503 | D:3      | Noticed NullDivider's ghost (amateur OpAr)
  3514 | D:3      | Killed NullDivider's ghost
  3514 | D:3      | Reached skill level 4 in Conjurations
  3514 | D:3      | Reached skill level 5 in Fire Magic
  3514 | D:3      | Reached XP level 5. HP: 28/28 MP: 4/14
  3715 | D:3      | Noticed Crazy Yiuf
  3739 | D:3      | Killed Crazy Yiuf
  3739 | D:3      | Reached XP level 6. HP: 32/32 MP: 2/15
  3938 | D:4      | Found Binovife's Assorted Antiques.
  3966 | D:4      | Reached skill level 5 in Spellcasting
  3978 | D:4      | Learned a level 5 spell: Fireball
  4417 | D:4      | Noticed Edmund
  4547 | D:4      | Reached skill level 1 in Fighting
  4962 | D:4      | Killed Edmund
  4962 | D:4      | Reached skill level 5 in Conjurations
  4962 | D:4      | Reached XP level 7. HP: 38/38 MP: 0/17
  5105 | D:5      | Entered Level 5 of the Dungeon
  5306 | D:5      | Noticed dingdong's ghost (novice HOMo)
  5464 | D:5      | Reached skill level 6 in Conjurations
  5708 | D:5      | Found a glowing drain.
  5728 | Sewer    | Entered a sewer
  6974 | D:5      | Reached skill level 7 in Conjurations
  6974 | D:5      | Reached XP level 8. HP: 43/43 MP: 13/19
  8747 | D:6      | Identified Sif Muna's Almanac of Flames and Contamination
  8906 | D:6      | Reached skill level 8 in Conjurations
  9095 | D:4      | Found Binovife's Assorted Antiques.
  9989 | D:5      | Killed dingdong's ghost
  9989 | D:5      | Reached skill level 9 in Conjurations
 10570 | D:6      | Reached XP level 9. HP: 11/47 MP: 15/21
 10817 | D:7      | Found a stormy altar of Qazlal.
 10820 | D:7      | Found a glowing golden altar of the Shining One.
 10823 | D:7      | Found a snail-covered altar of Cheibriados.
 11264 | D:6      | Reached skill level 10 in Conjurations
 11997 | D:7      | Found a staircase to the Ecumenical Temple.
 12070 | Temple   | Entered the Ecumenical Temple
 12272 | Temple   | Became a worshipper of Vehumet
 12332 | D:7      | Got a transparent scale mail
 13648 | D:9      | Noticed Pikel
 13654 | D:9      | Killed Pikel
 13654 | D:9      | Reached XP level 10. HP: 46/56 MP: 10/24
 13721 | D:9      | Found a shimmering altar of Xom.
 13722 | D:9      | Found a deep blue altar of Sif Muna.
 13782 | D:9      | Noticed a deep elf mage
 13824 | D:9      | Killed a deep elf mage
 13824 | D:9      | Reached skill level 11 in Conjurations
 14642 | D:9      | Reached * piety under Vehumet
 14642 | D:9      | Offered knowledge of Sandblast by Vehumet.
 14679 | D:9      | Noticed an elephant
 15143 | D:9      | Killed an elephant
 15563 | D:9      | Found a staircase to the Lair.
 15960 | Lair:1   | Entered Level 1 of the Lair of Beasts
 15978 | Lair:1   | Noticed a spiny frog
 15987 | Lair:1   | Killed a spiny frog
 15987 | Lair:1   | Reached skill level 12 in Conjurations
 16128 | Lair:1   | Reached skill level 10 in Spellcasting
 16268 | Lair:1   | Noticed an oklob plant
 16373 | Lair:1   | Reached skill level 5 in Fighting
 16373 | Lair:1   | Reached XP level 11. HP: 57/63 MP: 20/27
 16855 | Lair:1   | Offered knowledge of Searing Ray by Vehumet.
 17091 | Lair:1   | Learned a level 5 spell: Lightning Bolt
 17657 | Lair:2   | Reached skill level 10 in Fire Magic
 17753 | Lair:2   | Reached skill level 1 in Air Magic
 18087 | Lair:2   | Reached ** piety under Vehumet
 18275 | Lair:2   | Noticed Gastronok
 18317 | Lair:2   | Killed Gastronok
 18317 | Lair:2   | Reached skill level 1 in Armour
 18383 | Lair:2   | Reached skill level 5 in Dodging
 18422 | Lair:2   | Noticed a five-headed hydra
 18432 | Lair:2   | Killed a five-headed hydra
 18586 | Lair:2   | Noticed Erica
 18597 | Lair:2   | Killed Erica
 18733 | Lair:2   | Reached XP level 12. HP: 49/72 MP: 20/28
 19778 | Lair:3   | Found a staircase to the Swamp.
 20048 | Lair:3   | Mangled by a black mamba

Skill      XL: |  1  2  3  4  5  6  7  8  9 10 11 12 |
---------------+-------------------------------------+-----
Fire Magic     | 4 5 6 7 8 9 10 | 10.0
Conjurations   | 2 4 5 7 9 10 12 | 12.9
Spellcasting   | 4 5 6 7 8 10 | 10.5
Fighting       | 1 3 5 7 |  7.8
Dodging        | 3 5 6 |  6.1
Air Magic      | 3 |  3.0
Armour         | 2 |  2.3
Stealth        | |  2.4
Shields        | |  0.3

Action                   |  1- 3 |  4- 6 |  7- 9 | 10-12 || total
-------------------------+-------+-------+-------+-------++-------
Melee: Dagger            |     4 |     4 |    97 |       ||   105
       Short sword       |       |       |    69 |    25 ||    94
 Fire: Blowgun           |       |     9 |       |       ||     9
 Cast: Flame Tongue      |    57 |    91 |   271 |   460 ||   879
       Throw Flame       |     9 |    19 |    16 |    25 ||    69
       Conjure Flame     |     3 |     9 |    27 |    30 ||    69
       Sticky Flame      |       |       |     3 |     9 ||    12
       Fireball          |       |       |     3 |     8 ||    11
  Use: Scroll            |       |     6 |    10 |     7 ||    23
       Potion            |       |       |     1 |     2 ||     3
  Eat: Chunk             |     4 |     9 |    11 |    17 ||    41
       Ration            |       |       |     5 |     1 ||     6
Armor: Robe              |     3 |     1 |    57 |       ||    61
       Leather armour    |       |       |     2 |    13 ||    15
       Troll leather arm |       |       |       |    48 ||    48
Dodge: Dodged            |    26 |     9 |   124 |   166 ||   325
Block: Buckler           |       |       |       |     2 ||     2
